 Dungeon Sprint DCSS version 0.29.1-2-gbd0b4ee654 (webtiles) character file.

Game seed: 7401910292863304424

665 Groucho the Fighter (level 7, -1/69 HPs)
             Began as a Minotaur Transmuter on Nov 22, 2022.
             Was a Believer of Cheibriados.
             Slain by a shadow (9 damage)
             ... in the Dungeon (Sprint IX: "|||||||||||||||||||||||||||||").
             The game lasted 00:01:51 (644 turns).

Groucho the Fighter (Minotaur Transmuter)            Turns: 644, Time: 00:01:51

Health: -1/69      AC:  3    Str: 23    XL:     7   Next: 31%
Magic:  9/13       EV: 16    Int: 16    God:    Cheibriados [**....]
Gold:   0          SH:  0    Dex: 16    Spells: 15/16 levels left

rFire   . . .      SeeInvis .     - Unarmed
rCold   . . .      Faith    .   (no shield)
rNeg    . . .      Spirit   .   a - +0 robe
rPois   .          Reflect  .   (helmet restricted)
rElec   .          Harm     .   (no cloak)
rCorr   .          Rampage  .   k - +0 pair of gloves
Will    .....      NoTele   +   (no boots)
Stlth   +.........              (no amulet)
HPRegen 0.21/turn               (no ring)
MPRegen 0.13/turn               (no ring)

@: invisible, very slow
A: horns 2, retaliatory headbutt
a: Renounce Religion, Bend Time


You were in the Dungeon.
You worshipped Cheibriados.
Cheibriados was pleased with you.
You visited 1 branch

Inventory:

Armour
 a - a +0 robe (worn)
 k - a +0 pair of gloves (worn)
Jewellery
 l - a +3 ring of dexterity
 m - a +2 ring of protection
Wands
 j - a wand of quicksilver (10)
Scrolls
 h - 2 scrolls of blinking
 i - 2 scrolls of amnesia
Potions
 b - a potion of lignification
 c - 3 potions of curing
 e - a potion of haste
 f - 4 potions of magic
 g - a potion of heal wounds


   Skills:
 + Level 8.5 Fighting
 + Level 8.1 Dodging
 + Level 8.4 Unarmed Combat
 + Level 5.1 Spellcasting
 + Level 6.1 Transmutations
 + Level 2.3 Invocations


You had 15 spell levels left.
You knew the following spells:

 Your Spells              Type           Power      Damage    Failure   Level
a - Beastly Appendage     Tmut           46%        N/A       1%          1

Your spell library contained the following spells:

 Spells                   Type           Power      Damage    Failure   Level
 Wereblood                Tmut           23%        N/A       1%          2
 Spider Form              Tmut/Pois      13%        N/A       13%         3
 Ice Form                 Ice/Tmut       13%        N/A       41%         4


Dungeon Overview and Level Annotations

Branches:
Dungeon (1/1)

Altars:
Cheibriados
Dithmenos
Elyvilon
Fedhas
Gozag
Hepliaklqana
Kikubaaqudgha
Makhleb
Nemelex Xobeh
Okawaru
Qazlal
Ru
Sif Muna
Trog
Uskayaw
Vehumet
Wu Jian
Xom
Yredelemnul
Zin
The Shining One
Jiyva
Lugonu


Innate Abilities, Weirdness & Mutations

You have a pair of horns on your head.
You reflexively headbutt those who attack you in melee.


Message History

Unknown command.
You feel better. The killer bee barely misses you. The killer bee misses you.
You furiously retaliate!
You headbutt the killer bee!
You kill the killer bee!
Cheibriados thoroughly appreciates the change of pace.
Cheibriados raises the support of your attributes as your movement slows.
Your Fighting skill increases to level 8!
Your Unarmed Combat skill increases to level 8!
Your Invocations skill increases to level 1!
You have reached level 7!
You hit the yak.
The yak is lightly wounded.
The yak gores you.
You catch the helpless yak completely off-guard!
You hit the yak.
The yak is lightly wounded.
The yak closely misses you.
You punch the yak!
The yak is heavily wounded.
The yak gores you!
* * * LOW HITPOINT WARNING * * *
Unknown command.
Unknown command.
You hit the yak. You headbutt the yak, but do no damage.
The yak is heavily wounded.
The yak barely misses you. You furiously retaliate!
You headbutt the yak!
Unknown command.
You punch the yak!
You kill the yak!
Cheibriados appreciates the change of pace.
Cheibriados raises the support of your attributes as your movement slows.
Your Dodging skill increases to level 8!
Your Spellcasting skill increases to level 5!
Your Transmutations skill increases to level 6!
Your Invocations skill increases to level 2!
Unknown command.
Something is blocking the doorway!
A shadow appears from thin air!
Reactivating autopickup.
The shadow hits you!
You die... ▓▓▓▓▓▓▓▓▓▓▓▓▓▓▓▓▓▓▓▓▓▓▓▓ ......W@.[.[.)..'_______ ▓▓▓▓▓▓▓▓▓▓▓▓▓▓▓▓▓▓▓▓▓▓▓▓

You could see a shadow.

Vanquished Creatures
  A troll (D)
  A yak (D)
  An orc warrior (D)
  A kobold brigand (D)
  A killer bee (D)
  A gnoll bouda (D)
  An orc wizard (D)
  An iguana (D)
  An adder (D)
  An orc (D)
  A bat (D)
  An endoplasm (D)
  A goblin (D)
  A jackal (D)
  A kobold (D)
15 creatures vanquished.

Notes
Turn   | Place    | Note
-------+----------+-------------------------------------------
     0 | D        | Groucho the Minotaur Transmuter began the quest for the
                  | Orb.
     0 | D        | Reached XP level 1. HP: 16/16 MP: 1/1
   531 | D        | Noticed an orc wizard
   531 | D        | Noticed a gnoll bouda
   531 | D        | Noticed an iguana
   533 | D        | Reached XP level 2. HP: 25/25 MP: 3/3
   543 | D        | Reached XP level 3. HP: 31/31 MP: 3/5
   551 | D        | Reached skill level 5 in Unarmed Combat
   551 | D        | Reached XP level 4. HP: 41/41 MP: 3/7
   559 | D        | Found a snail-covered altar of Cheibriados.
   559 | D        | Found a shadowy altar of Dithmenos.
   559 | D        | Found a white marble altar of Elyvilon.
   559 | D        | Found a blossoming altar of Fedhas.
   559 | D        | Found an opulent altar of Gozag.
   560 | D        | Found a hazy altar of Hepliaklqana.
   561 | D        | Found a viscous altar of Jiyva.
   562 | D        | Found an ancient bone altar of Kikubaaqudgha.
   563 | D        | Became a worshipper of Cheibriados the Contemplative
   564 | D        | Found a corrupted altar of Lugonu.
   565 | D        | Found a burning altar of Makhleb.
   566 | D        | Found a sparkling altar of Nemelex Xobeh.
   567 | D        | Found an iron altar of Okawaru.
   568 | D        | Found a stormy altar of Qazlal.
   569 | D        | Found a sacrificial altar of Ru.
   570 | D        | Found a shimmering blue altar of Sif Muna.
   571 | D        | Found a bloodstained altar of Trog.
   572 | D        | Found a hide-covered altar of Uskayaw.
   573 | D        | Found a radiant altar of Vehumet.
   574 | D        | Found an ornate altar of the Wu Jian Council.
   575 | D        | Found a shimmering altar of Xom.
   576 | D        | Found a basalt altar of Yredelemnul.
   577 | D        | Found a glowing silver altar of Zin.
   578 | D        | Found a glowing golden altar of the Shining One.
   594 | D        | Got the +2 rapier of Textink {pain, rF+ rC+ Int+7 SInv
                  | Stlth-}
   611 | D        | Noticed a shadow
   611 | D        | Noticed a yak
   611 | D        | Noticed a troll
   611 | D        | Noticed an orc warrior
   611 | D        | Noticed a kobold brigand
   621 | D        | Killed a kobold brigand
   622 | D        | Reached skill level 5 in Fighting
   622 | D        | Reached skill level 5 in Dodging
   622 | D        | Reached XP level 5. HP: 19/50 MP: 7/9
   624 | D        | HP: 2/50 [orc warrior/+0 scimitar (17)]
   633 | D        | Killed an orc warrior
   633 | D        | Reached * piety under Cheibriados
   635 | D        | Killed a troll
   635 | D        | Reached ** piety under Cheibriados
   636 | D        | Reached skill level 5 in Transmutations
   636 | D        | Reached XP level 6. HP: 21/61 MP: 8/12
   638 | D        | Reached skill level 1 in Invocations
   638 | D        | Reached XP level 7. HP: 24/68 MP: 8/13
   643 | D        | Killed a yak
   644 | D        | Reached skill level 5 in Spellcasting
   644 | D        | Slain by a shadow

Illustrated notes

Levels and vault maps discovered:
D:        linesprint [early_d, line_temple, items_1, d_10, items_2, lair_1,
          lair_end, items_3, orc_1, orc_end, items_4, d_15, swamp_1, shoals_1,
          snake_1, spider_1, d_20, vaults_1, items_5, swamp_end, shoals_end,
          snake_end, spider_end, vaults_end, d_27, items_6, zot_1, zot_end,
          crypt_end, forest_end, elf_end, slime_end, tomb_end, abyss_end,
          pan_hell_end]

Skill      XL: |  1  2  3  4  5  6  7 |
---------------+----------------------+-----
Fighting       | 2 3 4 5 7 8 |  8.5
Transmutations | 2 3 4 5 6 |  6.1
Dodging        | 3 4 5 7 8 |  8.1
Unarmed Combat | 4 5 6 7 8 |  8.4
Spellcasting   | 2 3 4 5 |  5.1
Invocations    | 1 2 |  2.3

Action                   |  1- 3 |  4- 6 |  7- 9 || total
-------------------------+-------+-------+-------++-------
Melee: Unarmed           |    34 |    24 |     5 ||    63
       Headbutt          |     3 |     2 |     1 ||     6
       Kick              |       |     2 |       ||     2
       Punch             |       |     2 |       ||     2
 Cast: Beastly Appendage |       |     1 |       ||     1
  Use: Potion            |     2 |     4 |       ||     6
 Stab: Invisible         |       |     2 |     1 ||     3
Armor: Robe              |     3 |       |       ||     3
Dodge: Dodged            |    15 |    17 |     2 ||    34
